AoeStats
← fbettan

Arabia

504506035Analyzed
1v1 RM · 28d ago on Sep 5, 2026· 21m 45s· 2 players
Game mode
Random Map
Map size
Tiny (2 player)
Population
200
Speed
Normal
Resources
Standard
Victory
Conquest
Starting age
Dark Age
Ending age
Imperial Age
RankedLock teamsTeams togetherTeam positionsShared explorationLock speedFull tech treeHidden civsTurbo modeCheats
Victory
Defeat
🇨🇱 Sicilians · Chile
630
+43
🇫🇷 Huns · France
710
-20
fbettan
9:07 Loom
11:04 Feudal Age
Tinmar42tnt
0:31 Loom
13:15 Feudal Age
15:04 Wheelbarrow
14:12 Horse Collar
14:30 Town Watch
16:18 Man-at-Arms
18:21 Scale Mail Armor
18:34 Forging
Connection lost

Rejoining the realm…

Still unreachable

The connection could not be restored.

Session expired

The server has moved on; the page needs a fresh start.